 Dungeon Crawl Stone Soup version 0.30.0-15-g856e2d3f33 (webtiles) character file.

Game seed: 13274689982698326037

46 Sabo the Sneak (level 3, 0/28 HPs)
             Began as a Gnoll Wanderer on May 19, 2023.
             Slain by Terence
             ... wielding a +0 mace
              (4 damage)
             ... on level 2 of the Dungeon.
             The game lasted 00:06:02 (922 turns).

Sabo the Sneak (Gnoll Wanderer)                      Turns: 922, Time: 00:06:03

Health: 0/28       AC:  5    Str: 12    XL:     3   Next: 66%
Magic:  7/7        EV: 11    Int: 12    God:
Gold:   76         SH:  0    Dex: 11    Spells: 6/7 levels left

rFire   . . .        a - +2 mace
rCold   . . .        (no shield)
rNeg    . . .        d - +0 robe
rPois   .            (no helmet)
rElec   .            (no cloak)
rCorr   .            b - +2 pair of gloves
SInv    .            (no boots)
Will    .....        (no amulet)
Stlth   +++          (no ring)
HPRegen 0.24/turn    (no ring)
MPRegen 0.10/turn

%: no passive effects
@: no status effects
A: fangs 1, strong nose, distributed training
a: no special abilities


You were on level 2 of the Dungeon.
You visited 1 branch of the dungeon, and saw 2 of its levels.

You collected 76 gold pieces.

Inventory:

Hand Weapons
 a - a +2 mace (weapon)
 h - a +1 dagger of freezing
 i - a +0 sling
Missiles
 k - 2 poisoned darts
Armour
 b - a +2 pair of gloves (worn)
 d - a +0 robe (worn)
 j - a +0 ring mail
Wands
 f - a wand of flame (22)
Scrolls
 e - a scroll of noise {unknown}
Potions
 c - 2 potions of might
 g - a potion of brilliance {unknown}
 l - a potion of curing
 m - a potion of mutation {unknown}


   Skills:
 + Level 2.6 Fighting
 + Level 1.0 Short Blades
 + Level 1.0 Long Blades
 + Level 1.0 Axes
 + Level 4.6 Maces & Flails
 + Level 1.0 Polearms
 + Level 1.0 Staves
 + Level 1.0 Ranged Weapons
 + Level 1.0 Throwing
 + Level 1.0 Armour
 + Level 1.0 Dodging
 + Level 7.8 Stealth
 + Level 1.0 Shields
 + Level 1.0 Unarmed Combat
 + Level 2.9 Spellcasting
 + Level 0.7 Conjurations
 + Level 0.7 Hexes
 + Level 0.7 Summonings
 + Level 0.7 Necromancy
 + Level 3.8 Translocations
 + Level 0.7 Transmutations
 + Level 0.7 Fire Magic
 + Level 0.7 Ice Magic
 + Level 0.7 Air Magic
 + Level 0.7 Earth Magic
 + Level 0.7 Poison Magic
 + Level 1.0 Invocations
 + Level 1.0 Evocations


You had 6 spell levels left.
You knew the following spells:

 Your Spells              Type           Power      Damage    Failure   Level
a - Apportation           Tloc           20%        N/A       5%          1

Your spell library contained the following spells:

 Spells                   Type           Power      Damage    Failure   Level
 Beastly Appendage        Tmut           6%         N/A       19%         1
 Wereblood                Tmut           3%         N/A       28%         2
 Portal Projectile        Hex/Tloc       14%        N/A       30%         3
 Spider Form              Tmut/Pois      3%         N/A       50%         3


Dungeon Overview and Level Annotations

Branches:
Dungeon (2/15)

Altars:

Annotations:
D:2 Terence


Innate Abilities, Weirdness & Mutations

You have very sharp teeth.
Your uncanny sense of smell can sniff out nearby items.
Your experience applies equally to all skills.


Message History

You hit Terence but do no damage.
Terence is moderately wounded.
Terence barely misses you.
You hit Terence.
Terence is moderately wounded.
Terence hits you with a +0 mace. Terence hits you but does no damage.
You sock Terence! You bite Terence, but do no damage.
Terence is severely wounded.
Terence drinks a potion.
Terence is healed!
You hit Terence.
Terence is heavily wounded.
Terence hits you with a +0 mace.
You hit Terence but do no damage.
Terence is heavily wounded.
Terence hits you with a +0 mace.
You hit Terence.
Terence is severely wounded.
Terence hits you with a +0 mace.
* * * LOW HITPOINT WARNING * * *
You hit Terence but do no damage.
Terence is severely wounded.
Terence hits you but does no damage. Terence barely misses you.
You hit Terence.
Terence is almost dead.
Terence closely misses you.
You closely miss Terence.
Terence is almost dead.
Terence hits you with a +0 mace.
* * * LOW HITPOINT WARNING * * *
You hit Terence but do no damage.
Terence is almost dead.
Terence says, "Did you write a will?
You should..."
Terence barely misses you.
You completely miss Terence.
Terence is almost dead.
Terence closely misses you.
You hit Terence. You bite Terence, but do no damage.
Terence is almost dead.
Terence hits you with a +0 mace.
You die...

?..# #.. #... #
#.. ##. #$#
..#####.#
#.....@# #.##.@#
##....#####.##..
##.......<.......
#......#####.....
#.#)##.## #.#
###.##.# #.##.#
#.##.. #.####


You could see Terence.

Vanquished Creatures
  Jessica (D:2)
  A dart slug (D:1)
  A bat (D:1)
  2 endoplasms (D:1)
  2 goblins (D:1)
  2 hobgoblins (D:1)
  A quokka (D:1)
  A ball python (D:1)
  A frilled lizard (D:1)
  4 kobolds (D:1)
  2 rats (D:1)
18 creatures vanquished.

Notes
Turn   | Place    | Note
-------+----------+-------------------------------------------
     0 | D:1      | Sabo the Gnoll Wanderer began the quest for the Orb.
     0 | D:1      | Sabo set off with the following items: a +2 mace, a +0 pair
                  | of gloves, a potion of might, a +0 robe; and the following
                  | spell memorised: Apportation; and the following spells
                  | available to memorise: Portal Projectile.
     0 | D:1      | Reached XP level 1. HP: 17/17 MP: 4/4
   221 | D:1      | Reached XP level 2. HP: 23/23 MP: 5/5
   883 | D:2      | Noticed Jessica
   885 | D:2      | Noticed Terence
   895 | D:2      | Killed Jessica
   896 | D:2      | Reached skill level 1 in Short Blades
   896 | D:2      | Reached skill level 1 in Long Blades
   896 | D:2      | Reached skill level 1 in Axes
   896 | D:2      | Reached skill level 1 in Polearms
   896 | D:2      | Reached skill level 1 in Staves
   896 | D:2      | Reached skill level 1 in Ranged Weapons
   896 | D:2      | Reached skill level 1 in Throwing
   896 | D:2      | Reached skill level 1 in Armour
   896 | D:2      | Reached skill level 1 in Dodging
   896 | D:2      | Reached skill level 1 in Shields
   896 | D:2      | Reached skill level 1 in Unarmed Combat
   896 | D:2      | Reached skill level 1 in Invocations
   896 | D:2      | Reached skill level 1 in Evocations
   896 | D:2      | Reached XP level 3. HP: 24/28 MP: 7/7
   922 | D:2      | Slain by Terence

Illustrated notes

Levels and vault maps discovered:
D:1:      minmay_arrival_jagged, layout_loops_ring
D:2:      layout_loops_ring, minmay_misc_feat_doors, uniq_terence, uniq_jessica

Skill      XL: |  1  2 |
---------------+-------+-----
Short Blades   | 1 |  1.0
Long Blades    | 1 |  1.0
Axes           | 1 |  1.0
Polearms       | 1 |  1.0
Staves         | 1 |  1.0
Ranged Weapons | 1 |  1.0
Throwing       | 1 |  1.0
Armour         | 1 |  1.0
Dodging        | 1 |  1.0
Shields        | 1 |  1.0
Unarmed Combat | 1 |  1.0
Invocations    | 1 |  1.0
Evocations     | 1 |  1.0
Fighting       | |  2.6
Maces & Flails | |  4.6
Stealth        | |  7.8
Spellcasting   | |  2.9
Conjurations   | |  0.7
Hexes          | |  0.7
Summonings     | |  0.7
Necromancy     | |  0.7
Translocations | |  3.8
Transmutations | |  0.7
Fire Magic     | |  0.7
Ice Magic      | |  0.7
Air Magic      | |  0.7
Earth Magic    | |  0.7
Poison Magic   | |  0.7

Action                     || total
---------------------------++-------
  Melee: Mace              ||    48
         Bite              ||     6
         Punch             ||     1
    Use: Scroll            ||     2
   Stab: Sleeping          ||     8
 Armour: Robe              ||     7
  Dodge: Dodged            ||    26
